 Dungeon Crawl Stone Soup version 0.28-a0-1510-gd0f6b136d3 (webtiles) character file.

Game seed: 39451636149542595

4552 comborobin the Cutter (level 10, -1/77 HPs)
             Began as a Mummy Delver on Jan 15, 2022.
             Was a Believer of Ashenzari.
             Slain by a yak (12 damage)
             ... on level 8 of the Dungeon.
             The game lasted 00:16:18 (12232 turns).

comborobin the Cutter (Mummy Delver)               Turns: 12232, Time: 00:16:18

Health: -1/77      AC:  5    Str: 15    XL:     10   Next: 17%
Magic:  7/17       EV: 14    Int: 14    God:    Ashenzari [**....]
Gold:   423        SH:  0    Dex: 14    Spells: 8/19 levels left

rFire   x . .      SeeInvis +   a - +2 dagger (venom)
rCold   + . .      Faith    .   (no shield)
rNeg    + + +      Spirit   .   f - +0 leather armour "Overhang to Understand" {Bglg, Alch} (curse)
rPois   ∞          Reflect  .   (no helmet)
rElec   .          Harm     .   k - +0 cloak "Shackled With Me" {Alch, Comp} (curse)
rCorr   .          Rampage  .   p - +0 pair of gloves of Ashenzari's Yoke {Fort, Self} (curse)
Will    ++...                   (no boots)
Stlth   +++.......              (no amulet)
HPRegen 0.22/turn               h - ring of the Unveiling Ordeal {Will+, Comp, Cun} (curse)
MPRegen 0.15/turn               (no ring)

@: no status effects
A: cold resistance 1, negative energy resistance 3, torment resistance 2, heat
vulnerability 1, no potions
a: Renounce Religion, Curse Item, Shatter the Chains


You were on level 8 of the Dungeon.
You worshipped Ashenzari.
Ashenzari was pleased with you.
You visited 2 branches of the dungeon, and saw 9 of its levels.

You collected 423 gold pieces.

Inventory:

Hand Weapons
 a - a +2 dagger of venom (weapon)
 b - a +0 dire flail
 e - a +1 scimitar of flaming
 g - a +0 dagger
 i - a +0 short sword
Armour
 f - the cursed +0 leather armour "Overhang to Understand" (worn) {Bglg, Alch}

   It has a curse which improves the following skills: Beguiling: Conjurations,
   Hexes and Translocations.
   Alchemy:   Poison Magic and Transmutations.
 j - a +2 ring mail of fire resistance
 k - the cursed +0 cloak "Shackled With Me" (worn) {Alch, Comp}
   (You found it on level 2 of the Dungeon)

   It has a curse which improves the following skills: Alchemy: Poison Magic and
   Transmutations.
   Companions: Summonings and Necromancy.
 p - the cursed +0 pair of gloves of Ashenzari's Yoke (worn) {Fort, Self}
   (You found it on level 5 of the Dungeon)

   It has a curse which improves the following skills: Fortitude: Armour and
   Shields.
   Introspection: Fighting and Spellcasting.
 q - a +2 robe of willpower
Magical Staves
 n - a staff of fire
Jewellery
 h - the cursed ring of the Unveiling Ordeal (left hand) {Will+, Comp, Cun}
   (You found it on level 3 of the Dungeon)

   [ring of willpower]

   Will:      It increases your willpower.
   It has a curse which improves the following skills: Companions: Summonings
   and Necromancy.
   Cunning:   Dodging and Stealth.
Scrolls
 c - 2 scrolls of fog


   Skills:
 - Level 5.3(6.5) Fighting
 - Level 6.2 Short Blades
 - Level 2.7(3.8) Armour
 - Level 5.2(6.4) Dodging
 - Level 4.8(6.0) Stealth
 - Level 3.9(5.0) Spellcasting
 - Level 3.5(4.6) Conjurations
 * Level 4.5(5.7) Hexes
 - Level 1.8(3.2) Necromancy
 + Level 3.8 Ice Magic
 - Level 1.5 Air Magic


You had 8 spell levels left.
You knew the following spells:

 Your Spells              Type           Power      Damage    Failure   Level
a - Freezing Cloud        Conj/Ice/Air   6%         6-21      83%         5
b - Ensorcelled Hibernat  Hex/Ice        34%        N/A       4%          2
w - Passwall              Tmut/Erth      2%         N/A       30%         2
A - Apportation           Tloc           6%         N/A       21%         1
N - Animate Skeleton      Necr           24%        N/A       5%          1

Your spell library contained the following spells:

 Spells                   Type           Power      Damage    Failure   Level
 Static Discharge         Conj/Air       12%        N/A       9%          2
 Summon Small Mammal      Summ           16%        N/A       21%         1
 Swiftness                Air            7%         N/A       34%         3
 Dispel Undead            Necr           12%        3d9       50%         4
 Sticky Flame             Conj/Fire      10%        2d3       63%         4
 Simulacrum               Ice/Necr       6%         N/A       100%        6
 Polar Vortex             Ice            7%         N/A       100%        9


Dungeon Overview and Level Annotations

Branches:
Dungeon (8/15)             Temple (1/1) D:4
   Lair: D:8-11

Altars:
Ashenzari
Cheibriados
Dithmenos
Elyvilon
Fedhas
Gozag
Hepliaklqana
Kikubaaqudgha
Makhleb
Nemelex Xobeh
Okawaru
Qazlal
Ru
Trog
Uskayaw
Vehumet
Xom
Yredelemnul
Zin

Shops:
D:7 *

Annotations:
D:7 exclusion: zombie, Dowan


Innate Abilities, Weirdness & Mutations

You are immune to poison.
Your flesh is cold resistant. (rC+)
You are immune to negative energy. (rN+++)
You are immune to unholy pain and torment.
You are vulnerable to heat. (rF-)
You do not drink.


Message History

As you read the scroll of holy word, it crumbles to dust.
You speak a Word of immense power!
The wight convulses!
You destroy the wight!
You are blasted by holy energy!
The yak gores you!
* * * LOW HITPOINT WARNING * * *
Unknown command.
Unknown command.
Found a +0 robe.
Items here: )) [[.
You hit the yak.
The yak looks as sick as possible!
The yak is severely wounded.
The yak gores you!
* * * LOW HITPOINT WARNING * * *
A wight comes into view.
It is wielding a +1 halberd of freezing.
You kill the yak!
Okay, then.
Okay, then.
Blink to where?
Press: ? - help, Dir - move target, p - yak 2 wights come into view.
As you read the scroll of blinking, it crumbles to dust.
You hear the quick creaking of a very distant portcullis.
The yak gores you.
* * * LOW HITPOINT WARNING * * *
The wight closely misses you. The wight misses you.
Okay, then.
You aren't carrying any items that you can evoke.
Unknown command.
Okay, then.
The yak closely misses you.
Items here: )) [[.
You hit the yak.
The yak is lightly wounded.
The wight hits you but does no damage. The yak barely misses you.
The yak closely misses you. The wight barely misses you.
You hit the yak.
The yak is poisoned.
The yak is lightly wounded.
The yak gores you!
You die...

......#.)#######.....+...........
#######.....!.....Y..#......#....
#.######.{.{......!.....#.# #Y#
#.#####.#......###.#
#Y######.#####........ ....
#.#.Y{{Y.#...{Y....... ,#!.
#.#Y######.###........* #.. #...#
#Y# ######### #.# ##########@###
* #.. #.[..zY.# #.. #....z..# *
#.. #.......####### #..
#...........zz# ##.
#.......#####.# ,... #.......# ,*
.## #.......# , <. #.......# * ##


You could see 2 yaks and 2 wights.

Vanquished Creatures
  Erica (D:8)
  Pikel (D:6)
  Joseph (D:8)
  3 yaks (D:8)
  A steam dragon (D:8)
  The ghost of ragingrage the Charlatan, an amateur GrAr of Okawaru (D:4)
  Duvessa (D:7)
  An orc warrior (D:4)
  A sky beast (D:7)
  A black bear (D:7)
  3 ogres
  A necrophage (D:5)
  2 centaurs (D:7)
  2 lemures (D:6)
  A phantom (D:4)
  3 scorpions (D:7)
  6 killer bees
  2 wights (D:8)
  A howler monkey (D:5)
  2 centaur zombies
  2 centaur skeletons
  A hound (D:5)
  3 orc priests
  A gnoll shaman (D:6)
  7 iguanas
  5 orc wizards
  A howler monkey zombie (D:5)
  9 adders
  7 gnolls
  3 dart slugs
  8 orcs
  3 bats
  4 endoplasms
  3 giant cockroaches
  12 goblins
  4 hobgoblins
  4 jackals (D:1)
  9 kobolds
  A quokka (D:1)
  4 ball pythons
  2 frilled lizards
128 creatures vanquished.

Vanquished Creatures (collateral kills)
  Menkaure (D:6)
  A wyvern skeleton (D:6)
2 creatures vanquished.

Grand Total: 130 creatures vanquished

Notes
Turn   | Place    | Note
-------+----------+-------------------------------------------
     0 | D:5      | comborobin the Mummy Delver began the quest for the Orb.
     0 | D:5      | Reached XP level 1. HP: 18/18 MP: 1/1
   135 | D:3      | Reached skill level 2 in Short Blades
   162 | D:3      | Found a faded altar of an unknown god.
   239 | D:3      | Found a shadowy altar of Dithmenos.
   276 | D:3      | Reached XP level 2. HP: 16/24 MP: 2/2
   483 | D:3      | Reached XP level 3. HP: 26/29 MP: 3/3
   544 | D:3      | Reached skill level 3 in Short Blades
  1062 | D:4      | Found a staircase to the Ecumenical Temple.
  1076 | Temple   | Entered the Ecumenical Temple
  1254 | Temple   | Became a worshipper of Ashenzari the Shackled
  1757 | D:2      | Reached XP level 4. HP: 18/35 MP: 4/4
  2054 | D:2      | Found a hide-covered altar of Uskayaw.
  2501 | D:1      | Reached * piety under Ashenzari
  3287 | D:4      | Reached ** piety under Ashenzari
  3308 | D:4      | Found a large runed translucent door.
  3308 | D:4      | Found a large runed translucent door.
  3370 | D:4      | Reached XP level 5. HP: 14/41 MP: 5/5
  3954 | D:4      | Noticed a phantom
  3958 | D:4      | Killed a phantom
  4330 | D:4      | Noticed ragingrage's ghost (amateur GrAr)
  4340 | D:4      | Killed ragingrage's ghost
  4341 | D:4      | Reached XP level 6. HP: 8/47 MP: 6/6
  5086 | D:5      | Reached skill level 5 in Dodging
  5086 | D:5      | Reached XP level 7. HP: 52/52 MP: 7/7
  5343 | D:6      | Learned a level 1 spell: Animate Skeleton
  5427 | D:5      | Reached skill level 1 in Spellcasting
  5807 | D:4      | Reached skill level 1 in Necromancy
  7265 | D:6      | Reached skill level 4 in Short Blades
  7265 | D:6      | Reached skill level 1 in Armour
  7636 | D:6      | Reached XP level 8. HP: 52/61 MP: 13/15
  7657 | D:6      | Noticed Menkaure
  7664 | D:6      | Killed Menkaure
  8211 | D:6      | Noticed Pikel
  8616 | D:6      | Killed Pikel
  8617 | D:6      | Reached skill level 5 in Short Blades
  9079 | D:6      | Reached skill level 5 in Fighting
  9097 | D:6      | Reached XP level 9. HP: 35/69 MP: 16/16
  9288 | D:7      | Reached skill level 6 in Short Blades
  9621 | D:7      | Learned a level 1 spell: Apportation
  9647 | D:7      | Learned a level 5 spell: Freezing Cloud
  9683 | D:7      | Reached skill level 1 in Conjurations
 10536 | D:7      | Reached skill level 1 in Ice Magic
 10619 | D:7      | Found a stormy altar of Qazlal.
 10629 | D:7      | Noticed Dowan
 10629 | D:7      | Noticed Duvessa
 10685 | D:7      | Found Delyxy's General Store.
 11284 | D:7      | Reached skill level 1 in Air Magic
 11304 | D:7      | HP: 3/71 [Dowan/puff of flame (13)]
 11307 | D:7      | Killed Duvessa
 11814 | D:8      | Learned a level 2 spell: Ensorcelled Hibernation
 11841 | D:8      | Noticed Erica
 11853 | D:8      | Killed Erica
 11933 | D:8      | Learned a level 2 spell: Passwall
 11969 | D:8      | Noticed Joseph
 11991 | D:8      | Killed Joseph
 11992 | D:8      | Reached XP level 10. HP: 43/77 MP: 17/17
 12232 | D:8      | Slain by a yak

Illustrated notes

Levels and vault maps discovered:
D:1:      lemuel_arrival_muddy, layout_basic
D:2:      layout_basic, basic_altar
D:3:      layout_basic, ebering_ecumenical_altar_petrified,
          kennysheep_flooded_box, minmay_cut_off
D:4:      layout_basic, minmay_temple_entry_glassed_door,
          ebering_ghost_disaster_area
D:5:      layout_gridville
D:6:      layout_layer_cave, serial_park_tiny_2, uniq_menkaure, uniq_pikel
D:7:      layout_basic, mainiacjoe_overflow_surrounded_room, serial_shops,
          nicolae_shop_stone, uniq_duvessa
D:8:      layout_basic, enter_bailey_5, uniq_joseph, uniq_erica
Temple:   minmay_crystal_spiral_temple

Skill      XL: |  1  2  3  4  5  6  7  8  9 10 |
---------------+-------------------------------+-----
Short Blades   | 2 3 4 5 6 |  6.2
Dodging        | 2 4 5 |  5.2
Spellcasting   | 3 |  3.9
Necromancy     | 1 |  1.8
Armour         | 1 2 |  2.7
Fighting       | 5 |  5.3
Conjurations   | 3 |  3.5
Ice Magic      | 3 |  3.8
Air Magic      | 1 |  1.5
Hexes          | 3 4 |  4.5
Stealth        | |  4.8

Action                   |  1- 3 |  4- 6 |  7- 9 | 10-12 || total
-------------------------+-------+-------+-------+-------++-------
Melee: Short sword       |    16 |       |       |       ||    16
       Dagger            |    65 |   126 |   350 |    12 ||   553
       Punch             |     1 |     1 |     6 |     1 ||     9
       Dire flail        |       |       |     2 |       ||     2
Throw: Dart              |       |       |     5 |       ||     5
 Cast: Animate Skeleton  |       |       |     7 |       ||     7
       Ensorcelled Hiber |       |       |     1 |     9 ||    10
       Passwall          |       |       |     1 |       ||     1
       Apportation       |       |       |       |     1 ||     1
Invok: Curse Item        |       |     3 |     1 |       ||     4
Evoke: Wand              |     1 |       |     2 |       ||     3
  Use: Scroll            |     2 |     4 |     9 |     2 ||    17
 Stab: Distracted        |     1 |       |       |       ||     1
       Sleeping          |     4 |    10 |     5 |     2 ||    21
Armor: Leather armour    |    14 |    21 |    86 |     4 ||   125
Dodge: Dodged            |    38 |    74 |   258 |    12 ||   382

Table legend: (Time is in decaauts)
 A = Elapsed time spent in this place.
 B = Non-inter-level travel time spent in this place.
 C = Inter-level travel time spent in this place.
 D = Time resting spent in this place.
 E = Time spent auto-exploring this place.
 F = Levels seen in this place.
 G = Mean time per level.
                   A        B        C        D        E       F      G
               +--------+--------+--------+--------+--------+-----+--------+
         Total |  12117 |  11611 |    506 |   3555 |   5940 |   9 | 1346.3 |
       Dungeon |  11900 |  11481 |    419 |   3555 |   5828 |   8 | 1487.5 |
        Temple |    216 |    129 |     87 |      0 |    112 |   1 |  216.0 |
               +--------+--------+--------+--------+--------+-----+--------+

Top non-repeatable levels by time:
     D:6: 3040 daAuts
     D:7: 2249 daAuts
     D:4: 2176 daAuts
     D:5: 1285 daAuts
     D:3: 1089 daAuts
     D:2: 804 daAuts
     D:1: 744 daAuts
     D:8: 511 daAuts
  Temple: 216 daAuts
